Map: Simulacrum LE

Players

zeroMT - Winner!

  • Race: Terran Terran
  • League: Silver
  • Spawn Location: 11:00

Ratl

  • Race: Protoss Protoss
  • League: Bronze
  • Spawn Location: 5:00

VOD

Have the link to the VOD?

Description

Time

  • Played on: Jan. 7, 2020, 5:36 p.m.
  • Length: 21:07
Show
View Real Time Build Order
Export as new Build Order

zeroMT Terran - Winner!

Build Orders:  

Get SALT Encoding   

  12  0:01  SCV  
  13  0:16  Supply Depot  
  13  0:26  SCV  
  14  0:39  Barracks  
  14  0:46  SCV, Supply Depot  
  15  1:01  Engineering Bay  
  15  1:14  Barracks  
  15  1:15  SCV  
  16  1:21  Refinery  
  16  1:32  Marine  
  16  1:33  Refinery  
  16  1:37  SCV  
  18  1:50  Marine  
  19  2:07  SCV  
  20  2:14  Barracks Reactor  
  20  2:19  SCV  
  21  2:25  Barracks Tech Lab  
  21  2:31  SCV  
  22  2:43  SCV, Sensor Tower  
  23  2:52  Marauder  
  23  2:53  Marine x2  
  23  2:56  SCV  
  27  3:08  SCV  
  27  3:09  Factory  
  28  3:18  Marauder  
  30  3:20  SCV  
  31  3:29  Supply Depot  
  31  3:51  Marine x2, SCV  
  34  4:00  Factory Tech Lab, Command Center  
  34  4:03  SCV  
  35  4:11  Starport  
  35  4:15  SCV  
  36  4:19  Marine x2  
  38  4:27  SCV  
  39  4:42  Supply Depot  
  39  4:59  Starport  
  39  5:00  Starport Tech Lab  
  39  5:03  Widow Mine, Marauder  
  43  5:08  Supply Depot  
  43  5:25  Widow Mine, Marauder  
  47  5:33  Marine x2  
  49  5:37  Concussive Shells  
  49  5:42  Starport  
  49  5:46  Widow Mine, Marauder  
  53  5:51  Marine x2  
  53  5:52  SCV  
  56  6:04  SCV  
  57  6:11  Medivac  
  57  6:14  Medivac  
  57  6:16  SCV  
  62  6:21  Refinery  
  62  6:24  Refinery  
  62  6:27  Starport  
  62  6:28  SCV  
  62  6:29  Starport Tech Lab  
  63  6:40  SCV  
  63  6:41  Siege Tank  
  67  6:52  SCV  
  68  7:04  SCV  
  69  7:13  Supply Depot  
  69  7:16  SCV  
  70  7:35  SCV, Viking x3  
  77  7:47  SCV  
  78  8:18  Supply Depot  
  78  8:22  SCV  
  78  8:27  Starport Tech Lab x2  
  73  8:29  Cloaking Field  
  73  8:34  SCV, Orbital Command  
  73  8:40  Supply Depot  
  74  8:45  Siege Tank  
  74  8:46  SCV  
  78  8:48  Command Center  
  78  8:51  Marine x2  
  78  8:55  Terran Infantry Weapons Level 1  
  80  8:58  Banshee  
  84  9:04  Orbital Command  
  84  9:09  Marine x2  
  85  9:14  Supply Depot  
  85  9:17  Supply Depot, Siege Tank  
  88  9:25  Fusion Core  
  88  9:26  Marine x2  
  90  9:38  Missile Turret  
  90  9:44  Marine x2  
  92  9:46  Banshee x2  
  92  9:47  Banshee  
  92  9:49  Banshee, Siege Tank  
  107  9:58  Missile Turret  
  107  10:02  Marine, Marauder  
  110  10:16  SCV  
  110  10:21  Refinery  
  111  10:23  Missile Turret, Marauder  
  111  10:26  Supply Depot  
  111  10:28  SCV  
  114  10:40  SCV  
  113  10:45  Marauder  
  113  10:46  Missile Turret  
  113  10:47  Supply Depot  
  115  10:52  SCV  
  115  10:55  Marine x2  
  118  10:59  Combat Shield  
  118  11:04  SCV  
  118  11:06  Marauder  
  121  11:11  Supply Depot  
  121  11:15  Missile Turret  
  121  11:16  SCV  
  122  11:23  Supply Depot  
  122  11:28  Armory, Marauder  
  122  11:29  SCV  
  125  11:36  Missile Turret  
  125  11:49  Marauder  
  125  11:51  Supply Depot  
  127  12:10  Siege Tank  
  127  12:12  Orbital Command  
  127  12:14  Supply Depot  
  130  12:17  Refinery  
  130  12:18  Stimpack  
  130  12:30  Missile Turret  
  130  12:43  Siege Tank  
  130  12:44  Battlecruiser x3  
  151  12:48  Banshee  
  154  12:53  Supply Depot  
  154  13:04  Ghost Academy  
  154  13:16  Supply Depot  
  148  14:10  Battlecruiser x3  
  148  14:11  Battlecruiser  
  172  14:19  Supply Depot  
  172  14:42  Supply Depot  
  172  14:55  Command Center  
  172  14:56  Terran Vehicle Weapons Level 1  
  172  14:59  Terran Infantry Weapons Level 2  
  172  15:15  Battlecruiser  
  147  16:08  Battlecruiser  
  147  16:09  Battlecruiser x2  
  165  16:16  Refinery  
  165  16:19  Battlecruiser  
  171  16:50  Terran Ship Weapons Level 1  
  92  17:13  Battlecruiser x3  
  108  17:23  Battlecruiser  
  113  18:02  Refinery  
  113  18:07  Orbital Command  
  113  18:13  SCV  
  113  18:17  Battlecruiser x2  
  126  18:25  SCV  
  127  18:37  SCV  
  128  18:44  Terran Vehicle And Ship Armor Level 1, Battlecruiser x2  
  140  18:50  SCV  
  141  19:02  SCV  
  124  20:19  Viking  
Show
View Real Time Build Order
Export as new Build Order

Ratl Protoss 

Build Orders: Double Forge 

Get SALT Encoding   

  12  0:02  Probe  
  13  0:14  Probe  
  14  0:23  Pylon  
  14  0:26  Probe  
  15  0:43  Gateway  
  15  0:48  Probe (Chrono Boost)  
  16  1:01  Probe (Chrono Boost)  
  16  1:02  Assimilator  
  17  1:05  Assimilator  
  17  1:07  Probe (Chrono Boost)  
  18  1:15  Probe, Gateway  
  19  1:23  Gateway  
  19  1:33  Cybernetics Core  
  19  1:34  Probe  
  20  1:46  Probe  
  21  1:58  Probe  
  22  2:01  Pylon  
  22  2:08  Pylon  
  22  2:10  Probe  
  23  2:18  Warp Gate (Chrono Boost)  
  23  2:19  Stalker x2  
  27  2:22  Probe  
  28  2:35  Probe  
  28  2:47  Probe, Robotics Facility  
  29  2:54  Stalker  
  31  2:59  Probe  
  32  3:11  Probe  
  33  3:22  Nexus  
  33  3:23  Probe  
  34  3:45  Probe  
  35  3:50  Observer  
  36  4:02  Robotics Bay  
  36  4:08  Pylon  
  36  4:12  Probe  
  36  4:15  Observer  
  38  4:24  Probe  
  38  4:27  Forge  
  38  4:28  Forge  
  39  4:34  Gateway x2  
  39  4:38  Pylon  
  39  4:39  Probe  
  40  4:48  Probe  
  40  4:51  Probe  
  42  4:55  Protoss Ground Armor Level 1 (Chrono Boost)  
  42  4:56  Protoss Ground Weapons Level 1 (Chrono Boost)  
  42  5:00  Probe  
  42  5:03  Probe  
  44  5:12  Probe, Shield Battery  
  45  5:19  Probe  
  46  5:22  Pylon  
  46  5:23  Assimilator  
  46  5:24  Probe  
  46  5:26  Assimilator  
  47  5:29  Pylon  
  47  5:31  Probe  
  47  5:34  Extended Thermal Lance  
  48  5:36  Probe  
  49  5:43  Probe  
  49  5:48  Probe  
  51  5:51  Stalker x2  
  51  5:52  Stalker  
  51  5:53  Stalker  
  59  6:24  Probe  
  59  6:25  Probe  
  61  6:37  Probe, Stalker x4  
  70  6:44  Colossus  
  76  7:03  Twilight Council  
  76  7:09  Gateway x2  
  76  7:12  Gateway  
  71  7:39  Nexus  
  71  7:41  Protoss Ground Weapons Level 2 (Chrono Boost), Protoss Ground Armor Level 2 (Chrono Boost)  
  71  7:42  Assimilator  
  71  7:43  Assimilator  
  71  7:46  Pylon  
  71  7:49  Pylon  
  71  8:00  Stalker x2  
  71  8:01  Stalker x2  
  75  8:39  Probe x2  
  77  8:51  Probe  
  78  8:58  Stalker x3  
  78  8:59  Stalker x2  
  78  9:02  Stalker x2  
  92  9:11  Colossus  
  92  9:15  Probe (Chrono Boost)  
  95  9:20  Probe x2 (Chrono Boost)  
  102  9:25  Probe (Chrono Boost)  
  102  9:29  Probe x2 (Chrono Boost), Gateway  
  104  9:33  Gateway  
  104  9:46  Pylon  
  104  9:49  Stargate x2  
  104  9:59  Stalker x4  
  117  10:15  Dark Shrine  
  117  10:19  Probe  
  117  10:20  Probe x2  
  120  10:29  Colossus  
  120  10:31  Probe  
  120  10:32  Probe x2  
  123  10:42  Pylon  
  123  10:56  Pylon  
  123  11:00  Probe x2  
  125  11:07  Pylon  
  125  11:09  Pylon  
  125  11:11  Shield Battery x2  
  125  11:14  Probe x2, Shield Battery  
  125  11:15  Shield Battery  
  125  11:16  Shield Battery  
  127  11:20  Probe  
  128  11:26  Probe x2  
  128  11:28  Protoss Ground Armor Level 3 (Chrono Boost)  
  128  11:29  Pylon  
  130  11:32  Probe  
  131  11:42  Void Ray x2  
  139  11:54  Fleet Beacon  
  139  11:56  Probe x2  
  141  12:06  Stalker x5  
  141  12:07  Stalker x3  
  157  12:36  Nexus  
  157  12:38  Assimilator  
  157  12:40  Assimilator  
  157  12:42  Pylon  
  157  12:43  Pylon  
  157  12:45  Pylon  
  157  12:49  Pylon  
  157  12:50  Pylon  
  157  12:55  Pylon  
  157  13:00  Immortal, Void Ray  
  165  13:12  Pylon  
  165  13:23  Stalker x6  
  165  13:24  Stalker  
  165  13:25  Carrier  
  185  13:28  Pylon  
  185  13:34  Pylon  
  185  13:40  Pylon  
  185  13:43  Void Ray  
  185  13:46  Immortal  
  189  14:14  Protoss Ground Weapons Level 3 (Chrono Boost)  
  189  14:17  Unknown  
  189  14:24  Protoss Shields Level 1 (Chrono Boost)  
  189  14:25  Observer  
  189  14:26  Void Ray  
  189  14:29  Void Ray  
  198  14:55  Stalker  
  116  15:41  Stalker x6  
  116  15:42  Stalker x3  
  112  16:08  Immortal, Void Ray x2  
  112  16:10  Stalker x4  
  112  16:11  Stalker x5  
  142  16:26  Protoss Shields Level 2 (Chrono Boost)  
  140  16:44  Immortal  
  140  16:46  Stalker x3  
  142  16:47  Stalker x3  
  142  16:48  Stalker x3  
  142  16:50  Void Ray x2  
  129  17:23  Warp Prism  
  131  17:31  Nexus  
  131  17:32  Void Ray  
  131  17:33  Void Ray  
  127  17:52  Stalker x4  
  127  17:53  Stalker x3  
  141  18:15  Void Ray  
  141  18:16  Void Ray  
  149  18:21  Pylon  
  149  18:23  Nexus  
  149  18:24  Assimilator  
  149  18:26  Assimilator  
  149  18:28  Pylon  
  87  20:07  Pylon  
  87  20:16  Pylon  
  87  20:23  Pylon  
  87  20:25  Pylon  
  87  20:28  Pylon  
  87  20:32  Pylon  
  87  20:37  Stalker x2  
  87  20:38  Stalker x3  
  87  20:39  Stalker  
  66  20:50  Photon Cannon  
  66  20:56  Stalker  
  54  20:59  Stalker  
  54  21:00  Stalker  
Tags
 
Add a new tag
Caveats
  • Supply blocks, unpowered buildings, or Contaminate may cause inaccurate times.
  • Supply counts are checked every 10 seconds.